AoeStats
← RIO1000

Arabia

510423108Analyzed
1v1 RM · 2d ago on Sep 30, 2026· 38m 3s· 2 players
Game mode
Random Map
Map size
Tiny (2 player)
Population
200
Speed
Normal
Resources
Standard
Victory
Conquest
Starting age
Dark Age
Ending age
Imperial Age
RankedLock teamsTeams togetherTeam positionsShared explorationLock speedFull tech treeHidden civsTurbo modeCheats
Victory
Defeat
🇨🇦 Sicilians · Canada
815
+16
🇲🇽 Magyars · Mexico
820
-16
Chef
7:22 Loom
7:35 Loom
10:41 Feudal Age
12:22 Double-Bit Axe
16:42 Horse Collar
20:12 Stone Mining
22:19 Wheelbarrow
22:00 Scale Mail Armor
25:59 Castle Age
24:18 Gold Mining
26:16 Forging
26:59 Bow Saw
27:34 Hand Cart
29:12 Pikeman
33:54 Iron Casting
33:35 Chain Mail Armor
35:51 Arson
RIO1000
9:59 Feudal Age
10:25 Loom
12:55 Double-Bit Axe
12:59 Horse Collar
22:33 Castle Age
24:45 Fletching
25:17 Bow Saw
29:55 Bloodlines
30:35 Husbandry
Connection lost

Rejoining the realm…

Still unreachable

The connection could not be restored.

Session expired

The server has moved on; the page needs a fresh start.